 Dungeon Crawl Stone Soup version 0.27-a0-520-gb83adbd1c9 (webtiles) character file.

Game seed: 11277131959258581590

82830 Allula97 the Brawler (level 15, -5/123 HPs)
             Began as a Demonspawn Fighter on Mar 4, 2021.
             Was the Champion of Okawaru.
             Splashed by an acid blob's acid (7 damage)
             ... on level 2 of the Pits of Slime.
             The game lasted 01:01:18 (22739 turns).

Allula97 the Brawler (Demonspawn Fighter)          Turns: 22739, Time: 01:01:19

Health: -5/123     AC: 20    Str: 28    XL:     15   Next: 30%
Magic:  0/26       EV: 26    Int: 12    God:    Okawaru [******]
Gold:   2117       SH:  4    Dex: 22    Spells: 23/29 levels left

rFire    . . .     SeeInvis .     - Unarmed
rCold    . . .     Faith    .   (no shield)
rNeg     + . .     Spirit   +   s - +7 leather armour "Behiom" {rPois Str+3 Dex+4}
rPois    +         Reflect  .   Q - +2 hat of the Loofah {rCorr Slay+6}
rElec    .         Harm     .   B - +1 cloak
rCorr    +         Rampage  .   (no gloves)
Will     +....     Rnd*Rage +   (no boots)
Stlth    +++++.....             d - amulet "Oniasch" {Spirit rN+ Slay+4}
HPRegen  0.30/turn              l - +6 ring of dexterity
MPRegen  0.20/turn              Z - +4 ring of protection

@: heroic, corroded, studying Invocations
A: claws 2, horns 2, talons 2, berserk 1, clever 1, demonic guardian 2, icemail
1, robust 1, strong 1, wild magic 1, no potion heal 1, condensation shield
a: Renounce Religion, Heroism, Finesse


You were on level 2 of the Pits of Slime.
You worshipped Okawaru.
Okawaru was exalted by your worship.
You visited 4 branches of the dungeon, and saw 21 of its levels.
You also visited: Volcano.

You collected 2354 gold pieces.
You spent 237 gold pieces at shops.

Inventory:

Hand Weapons
 y - the +6 morningstar "Luwahuli" {drain, rF+ Int+2 SInv}
   (You found it on level 5 of the Lair of Beasts)

   A truly terrible weapon, it drains the life of those it strikes.
   It affects your intelligence (+2).
   It protects you from fire.
   It lets you see invisible.
 N - a +6 demon trident
Missiles
 G - 9 boomerangs of dispersal
 K - 9 curare-tipped darts (quivered)
 R - 2 silver javelins
 T - 4 throwing nets
Armour
 j - +0 swamp dragon scales
 s - the +7 leather armour "Behiom" (worn) {rPois Str+3 Dex+4}
   (You found it on level 4 of the Dungeon)

   It affects your strength (+3).
   It affects your dexterity (+4).
   It protects you from poison.
 B - a +1 cloak (worn)
 I - a +2 pair of boots of stealth
 L - a +2 pair of boots of rampaging
 Q - the +2 hat of the Loofah (worn) {rCorr Slay+6}
   (Okawaru gifted it to you on level 1 of the Lair of Beasts)

   It affects your accuracy and damage with ranged weapons and melee attacks
   (+6).
   It provides partial protection from all sources of acid and corrosion.
Jewellery
 d - the amulet "Oniasch" (around neck) {Spirit rN+ Slay+4}
   (You acquired it on level 4 of the Lair of Beasts)

   [amulet of guardian spirit]

   It causes incoming damage to be split between your health and magic.
   It affects your accuracy and damage with ranged weapons and melee attacks
   (+4).
   It protects you from negative energy.
 e - a +4 ring of evasion
 h - a ring of ice
 l - a +6 ring of dexterity (left claw)
 n - a ring of fire
 u - a ring of willpower
 w - a +6 ring of intelligence
 U - a ring of flight
 V - a ring of wizardry
 Z - a +4 ring of protection (right claw)
Wands
 o - a wand of digging (8)
 t - a wand of mindburst (87)
 C - a wand of flame (54)
 F - a wand of paralysis (21)
 M - a wand of charming (28)
 S - a wand of iceblast (17)
Scrolls
 a - 2 scrolls of magic mapping
 c - 6 scrolls of amnesia
 f - 6 scrolls of fear
 g - 9 scrolls of teleportation
 i - 2 scrolls of enchant weapon
 p - 3 scrolls of blinking
 D - a scroll of fog
 E - a scroll of identify
 H - a scroll of enchant armour
 O - a scroll of summoning
Potions
 b - a potion of ambrosia
 k - 6 potions of flight
 m - 6 potions of invisibility
 q - a potion of resistance
 r - 4 potions of curing
 z - 2 potions of brilliance
 A - 4 potions of attraction
 J - a potion of heal wounds
 W - 5 potions of berserk rage
 Y - 3 potions of haste
Miscellaneous
 v - a tin of tremorstones (2/2)
 x - a lightning rod (4/4)


   Skills:
 * Level 8.9(13.9) Fighting
 - Level 1.8(6.8) Long Blades
 + Level 1.4(6.4) Throwing
 * Level 8.7(13.7) Armour
 * Level 8.7(13.7) Dodging
 + Level 7.1(12.1) Stealth
 - Level 2.8(7.8) Shields
 * Level 15.2(20.2) Unarmed Combat
 * Level 7.5 Spellcasting
 * Level 6.1 Transmutations
 * Level 2.7 Earth Magic
 * Level 14.2 Invocations
 + Level 0.9 Evocations


You had 23 spell levels left.
You knew the following spells:

 Your Spells              Type           Power        Failure   Level
a - Statue Form           Tmut/Erth      12%          99%         6

Your spell library contained the following spells:

 Spells                   Type           Power        Failure   Level
 Corona                   Hex            5%           24%         1
 Magic Dart               Conj           20%          24%         1
 Shock                    Conj/Air       20%          24%         1
 Blink                    Tloc           N/A          34%         2
 Call Imp                 Summ           5%           34%         2
 Ensorcelled Hibernation  Hex/Ice        10%          34%         2
 Searing Ray              Conj           10%          34%         2
 Slow                     Hex            5%           34%         2
 Swiftness                Air            5%           34%         2
 Petrify                  Tmut/Erth      19%          34%         4
 Confusing Touch          Hex            5%           54%         3
 Conjure Flame            Conj/Fire      5%           54%         3
 Dazzling Flash           Conj/Hex       10%          54%         3
 Gell's Gravitas          Tloc           2%           54%         3
 Mephitic Cloud           Conj/Pois/Air  5%           54%         3
 Static Discharge         Conj/Air       5%           54%         3
 Tukima's Dance           Hex            5%           54%         3
 Animate Armour           Summ/Erth      20%          75%         4
 Leda's Liquefaction      Hex/Erth       5%           75%         4
 Yara's Violent Unravell  Hex/Tmut       7%           85%         5
 Airstrike                Air            2%           90%         4
 Fulminant Prism          Conj/Hex       2%           90%         4
 Iskenderun's Mystic Bla  Conj/Tloc      5%           90%         4
 Bolt of Magma            Conj/Fire/Erth 4%           98%         5
 Iskenderun's Battlesphe  Conj           5%           99%         5
 Lightning Bolt           Conj/Air       2%           99%         5
 Metabolic Englaciation   Hex/Ice        2%           99%         5
 Iron Shot                Conj/Erth      5%           100%        6
 Orb of Destruction       Conj           2%           100%        7
 Spellforged Servitor     Conj/Summ      2%           100%        7
 Shatter                  Erth           7%           100%        9


Dungeon Overview and Level Annotations

Branches:
Dungeon (11/15)            Temple (1/1) D:6            Lair (6/6) D:11
 Shoals (0/4) Lair:3        Snake (0/4) Lair:4        Slime (3/5) Lair:6
    Orc (0/2) D:11        Volcano (visited)

Altars:
Ashenzari
Cheibriados
Dithmenos
Elyvilon
Fedhas
Gozag
Hepliaklqana
Kikubaaqudgha
Makhleb
Nemelex Xobeh
Okawaru
Qazlal
Ru
Sif Muna
Trog
Uskayaw
Vehumet
Wu Jian
Xom
Yredelemnul
Zin
The Shining One
Jiyva

Shops:
D:6 *


Innate Abilities, Weirdness & Mutations

You have very sharp fingernails.
You have a pair of horns on your head.
You have razor-sharp toenails.
A demonic guardian rushes to your aid.
A meltable icy envelope protects you from harm. (AC +4)
You are robust. (+10% HP)
A meltable shield of frost defends you. (SH +4)
You tend to lose your temper in combat.
Your mind is acute. (Int +2)
Your muscles are strong. (Str +2)
Your spells are a little harder to cast, but a little more powerful.
Potions are less effective at restoring your health.


Message History

You claw the slime creature! You claw the slime creature.
You kill the slime creature!
Okawaru accepts your kill.
The acid blob hits you but does no damage.
The large slime creature hits you.
* * * LOW HITPOINT WARNING * * *
The slime creature completely misses you.
Your ice devil hits the slime creature.
Your ice devil freezes the slime creature!
The slime creature dies!
Okawaru accepts your kill. The eye of draining gazes at you.
You feel your power leaking away.
Your ice devil hits the acid blob!
Your ice devil freezes the acid blob!
Your ice devil is burned by acid!
The large slime creature hits your ice devil.
The acid blob spits acid at you.
The splash of acid hits you but does no damage.
You are splashed with acid.
You resist.
* * * LOW HITPOINT WARNING * * *
Your ice devil hits the large slime creature!
Your ice devil freezes the large slime creature!!
The large slime creature hits your ice devil but does no damage.
The eye of draining gazes at you.
The acid blob hits you but does no damage.
Okay, then.
Blink to where?
Press: ? - help, Dir - move target
As you read the scroll of blinking, it crumbles to dust.
Your ice devil hits the large slime creature.
Your ice devil freezes the large slime creature!!
Your ice devil hits the large slime creature.
Your ice devil freezes the large slime creature!!
The eye of draining gazes at you.
You feel your power leaking away. The acid blob spits acid at you.
The splash of acid hits you. You resist.
* * * LOW HITPOINT WARNING * * *
You are splashed with acid!
You resist.
You die...

.....#. ..#.#. .#
.....#.###...... .
##.......#....... #
#.##.#..............
#.##.#................#
......#..............#
#...#.....G....#....
#.#....................
.......@...>G..........
...........JJ..........
##.........J..4.#.##.#.
#..........#....### #
.......#.#...ยง..#
#.#.................# .
.#............##.##
.####.........## ..
.........# .


You could see 2 acid blobs, a large slime creature (ally target), a shining eye,
an eye of draining and a friendly ice devil (summoned).

Vanquished Creatures
  2 acid blobs
  Gastronok (Lair:3)
  2 azure jellies (Slime:2)
  The ghost of karf the Severer, a journeyman MiBe of Trog (Lair:5)
  A red draconian (Volcano)
  2 entropy weavers (Lair:6)
  The ghost of karf the Severer, a journeyman MiBe of Trog (D:11)
  2 great orbs of eyes
  Harold (Lair:2)
  A boulder beetle (Lair:3)
  8 hydras
  A centaur warrior (Volcano)
  A queen ant (Lair:6)
  4 two-headed ogres
  11 death yaks
  Urug (D:10)
  2 swamp dragons (Lair:4)
  3 shining eyes
  2 cyclopes (D:10)
  Joseph (D:8)
  An ice statue (Lair:5)
  2 black mambas
  10 cane toads
  3 eyes of devastation (Slime:2)
  A gargoyle (D:10)
  A rime drake (Lair:4)
  Maggie (D:7)
  10 komodo dragons
  A yaktaur (Volcano)
  2 trolls (D:10)
  5 polar bears
  Prince Ribbit (D:5)
  17 blink frogs
  A tyrant leech (Lair:4)
  A dream sheep (Lair:6)
  5 hornets (Lair:6)
  27 slime creatures
  Sigmund (D:2)
  16 spriggans
  A wraith (D:10)
  2 wyverns
  A shadow (D:11)
  7 basilisks
  46 yaks
  Grum (D:9)
  A golden eye (Slime:2)
  A warg (D:11)
  5 nagas (Lair:4)
  22 soldier ants
  3 swamp worms (Lair:4)
  13 water moccasins
  2 ice beasts
  2 sky beasts (D:9)
  5 orc warriors
  6 black bears
  3 swamp drakes (Lair:4)
  3 eyes of draining (Slime:2)
  3 ogres
  12 centaurs
  3 boggarts (Lair:6)
  35 wolves
  2 phantoms (D:8)
  A kobold brigand (D:11)
  17 bullfrogs
  3 scorpions
  8 wights (D:9)
  An electric eel (Lair:6)
  6 howler monkeys
  2 centaur zombies
  A bullfrog zombie (D:5)
  A quasit (D:10)
  9 orc priests
  3 hounds
  3 centaur skeletons
  Crazy Yiuf (D:2)
  3 bullfrog skeletons
  Jessica (D:3)
  2 iguanas (D:4)
  17 orc wizards
  18 worker ants
  A hound skeleton (D:8)
  2 worker ant zombies
  4 gnolls (D:3)
  A howler monkey skeleton (D:8)
  11 adders
  5 shadow imps
  5 white imps
  A worker ant simulacrum (D:10)
  5 ufetubi
  An adder zombie (D:7)
  3 adder skeletons
  3 worms
  5 dart slugs
  7 leopard geckos
  43 orcs
  8 bats
  6 giant cockroaches
  6 goblins
  5 hobgoblins
  4 jackals
  10 kobolds
  3 quokkas
  5 frilled lizards
  A leopard gecko zombie (D:7)
  A quokka skeleton (D:4)
  8 rats
584 creatures vanquished.

Vanquished Creatures (collateral kills)
  A hornet (Lair:6)
  A slime creature (Slime:2)
  A spriggan (Lair:6)
  A yak (Lair:1)
  A golden eye (Slime:2)
  3 wolves (Lair:6)
8 creatures vanquished.

Vanquished Creatures (others)
  A bullfrog (Lair:5)
  20 fungi
  46 plants
67 creatures vanquished.

Grand Total: 659 creatures vanquished

Notes
Turn   | Place    | Note
-------+----------+-------------------------------------------
     0 | D:1      | Allula97 the Demonspawn Fighter began the quest for the
                  | Orb.
     0 | D:1      | Reached XP level 1. HP: 18/18 MP: 1/1
    93 | D:1      | Gained mutation: You have sharp toenails. [demonic
                  | ancestry]
    93 | D:1      | Reached XP level 2. HP: 24/24 MP: 2/2
   463 | D:1      | Gained mutation: You have a pair of small horns on your
                  | head. [demonic ancestry]
   463 | D:1      | Reached XP level 3. HP: 23/29 MP: 3/3
   895 | D:2      | Found a hide-covered altar of Uskayaw.
  1217 | D:2      | Found a runed translucent door.
  1218 | D:2      | Noticed Crazy Yiuf
  1310 | D:2      | Killed Crazy Yiuf
  1311 | D:2      | Reached XP level 4. HP: 32/37 MP: 3/5
  1795 | D:2      | Noticed an ogre
  1802 | D:2      | Killed an ogre
  1803 | D:2      | Reached skill level 1 in Dodging
  1803 | D:2      | Reached skill level 1 in Stealth
  1803 | D:2      | Reached skill level 1 in Unarmed Combat
  1803 | D:2      | Reached skill level 1 in Spellcasting
  1803 | D:2      | Gained mutation: You have sharp fingernails. [demonic
                  | ancestry]
  1803 | D:2      | Reached XP level 5. HP: 42/42 MP: 6/6
  1914 | D:2      | Noticed Sigmund
  1931 | D:2      | Killed Sigmund
  1932 | D:2      | Reached XP level 6. HP: 27/49 MP: 6/8
  2800 | D:3      | Reached skill level 1 in Invocations
  2818 | D:3      | Reached skill level 2 in Unarmed Combat
  3165 | D:3      | Noticed Jessica
  3172 | D:3      | Killed Jessica
  3269 | D:3      | Gained mutation: You have a pair of horns on your head.
                  | [demonic ancestry]
  3269 | D:3      | Reached XP level 7. HP: 44/55 MP: 9/9
  3854 | D:4      | Identified the +7 leather armour "Behiom" {rPois Str+3
                  | Dex+4}
  4207 | D:4      | Reached skill level 3 in Unarmed Combat
  4778 | D:5      | Entered Level 5 of the Dungeon
  4974 | D:5      | Gained mutation: A meltable shield of frost defends you.
                  | (SH +4) [demonic ancestry]
  4974 | D:5      | Reached XP level 8. HP: 19/61 MP: 11/11
  5214 | D:5      | Reached skill level 4 in Unarmed Combat
  5233 | D:5      | Reached skill level 5 in Fighting
  5813 | D:5      | Noticed Prince Ribbit
  6191 | D:5      | Reached skill level 5 in Armour
  6563 | D:5      | Killed Prince Ribbit
  6564 | D:5      | Reached skill level 5 in Unarmed Combat
  6607 | D:6      | Reached skill level 5 in Invocations
  6615 | D:6      | Found a staircase to the Ecumenical Temple.
  6639 | Temple   | Entered the Ecumenical Temple
  6874 | Temple   | Became a worshipper of Warmaster Okawaru
  7195 | D:6      | Found a sparkling altar of Nemelex Xobeh.
  7243 | D:6      | Reached skill level 1 in Throwing
  7266 | D:6      | Gained mutation: A meltable icy envelope protects you from
                  | harm. (AC +4) [demonic ancestry]
  7266 | D:6      | Reached XP level 9. HP: 22/68 MP: 13/13
  7847 | D:6      | Found Gufuos's Assorted Antiques.
  7855 | D:6      | Bought an ivory ring for 120 gold pieces
  7855 | D:6      | Bought a metallic black potion for 21 gold pieces
  7855 | D:6      | Bought a crooked brass wand for 96 gold pieces
  8023 | D:7      | Found a snail-covered altar of Cheibriados.
  8039 | D:7      | Reached skill level 6 in Unarmed Combat
  8044 | D:7      | Reached * piety under Okawaru
  8298 | D:7      | Found a bloodstained altar of Trog.
  8301 | D:7      | Identified the +1 leather armour of Eternal Night {rF-
                  | Str+2 Stlth+}
  8362 | D:7      | Noticed Maggie
  8377 | D:7      | Killed Maggie
  8753 | D:8      | Reached skill level 7 in Unarmed Combat
  8959 | D:8      | Reached ** piety under Okawaru
  9072 | D:8      | Found a shadowy altar of Dithmenos.
  9073 | D:8      | Found a broken altar of Ashenzari.
  9145 | D:8      | Found a basalt altar of Yredelemnul.
  9398 | D:8      | Found a blossoming altar of Fedhas.
  9406 | D:8      | Noticed Joseph
  9418 | D:8      | Killed Joseph
  9419 | D:8      | Gained mutation: You have razor-sharp toenails. [demonic
                  | ancestry]
  9419 | D:8      | Reached XP level 10. HP: 75/76 MP: 15/15
  9787 | D:9      | Reached skill level 8 in Unarmed Combat
  9787 | D:9      | Reached skill level 1 in Transmutations
 10015 | D:9      | You fall into a shaft and drop 2 floors!
 10019 | D:10     | Entered Level 10 of the Dungeon
 10032 | D:10     | Reached *** piety under Okawaru
 10045 | D:10     | Noticed a two-headed ogre
 10050 | D:10     | Killed a two-headed ogre
 10058 | D:10     | Noticed a cyclops
 10060 | D:10     | Noticed a two-headed ogre
 10067 | D:10     | Killed a cyclops
 10071 | D:10     | Killed a two-headed ogre
 10187 | D:9      | Reached **** piety under Okawaru
 10201 | D:9      | Reached skill level 9 in Unarmed Combat
 10736 | D:9      | Gained mutation: A weak demonic guardian rushes to your
                  | aid. [demonic ancestry]
 10736 | D:9      | Reached XP level 11. HP: 83/83 MP: 17/17
 10737 | D:9      | Received a gift from Okawaru
 10759 | D:9      | Noticed Grum
 10776 | D:9      | Killed Grum
 11147 | D:9      | Reached skill level 5 in Dodging
 11905 | D:10     | Noticed Urug
 11914 | D:10     | Killed Urug
 11940 | D:10     | Reached ***** piety under Okawaru
 12094 | D:10     | Noticed a two-headed ogre
 12104 | D:10     | Killed a two-headed ogre
 12105 | D:10     | Reached skill level 10 in Unarmed Combat
 12201 | D:10     | Received a gift from Okawaru
 12608 | D:11     | Found a staircase to the Orcish Mines.
 12628 | D:11     | Received a gift from Okawaru
 12838 | D:11     | Noticed a two-headed ogre
 12846 | D:11     | Killed a two-headed ogre
 13014 | D:11     | Reached skill level 5 in Stealth
 13061 | D:11     | Found a staircase to the Lair.
 13423 | D:11     | Found a large runed translucent door.
 13424 | D:11     | Found a large runed translucent door.
 13427 | D:11     | Noticed karf's ghost (journeyman MiBe)
 13439 | D:11     | Killed karf's ghost
 13439 | D:11     | Received a gift from Okawaru
 13714 | Lair:1   | Entered Level 1 of the Lair of Beasts
 13895 | Lair:1   | Reached skill level 5 in Spellcasting
 13895 | Lair:1   | Reached skill level 10 in Invocations
 13902 | Lair:1   | Identified the +2 hat of the Loofah {rCorr Slay+6} (Okawaru
                  | gifted it to you on level 1 of the Lair of Beasts)
 13902 | Lair:1   | Received a gift from Okawaru
 14029 | Lair:1   | Reached skill level 11 in Unarmed Combat
 14029 | Lair:1   | Reached XP level 12. HP: 89/89 MP: 19/19
 14081 | Lair:1   | Found a shimmering blue altar of Sif Muna.
 14087 | Lair:1   | Noticed an eight-headed hydra
 14102 | Lair:1   | Killed an eight-headed hydra
 14420 | Lair:1   | Noticed a five-headed hydra
 14433 | Lair:1   | Killed a five-headed hydra
 15217 | Lair:2   | Identified a scroll of acquirement
 15217 | Lair:2   | Acquired 960 gold pieces
 15332 | Lair:2   | Found a broken altar of Ashenzari.
 15414 | Lair:2   | Noticed Harold
 15437 | Lair:2   | Killed Harold
 15732 | Lair:2   | Identified the +2 leather armour "Ownut" {rN+ Regen+}
 16365 | Lair:3   | Found a dark tunnel.
 16373 | Volcano  | Entered a volcano
 16377 | Volcano  | Gained mutation: Your spells are a little harder to cast,
                  | but a little more powerful. [potion of mutation]
 16377 | Volcano  | Gained mutation: Your mind is acute. (Int +2) [potion of
                  | mutation]
 16377 | Volcano  | Gained mutation: Your muscles are strong. (Str +2) [potion
                  | of mutation]
 16404 | Volcano  | Noticed a red draconian
 16418 | Volcano  | Killed a red draconian
 16487 | Volcano  | Noticed a centaur warrior
 16494 | Volcano  | Killed a centaur warrior
 16495 | Volcano  | Reached skill level 12 in Unarmed Combat
 16497 | Volcano  | Received a gift from Okawaru
 16768 | Lair:3   | Noticed Gastronok
 16784 | Lair:3   | Killed Gastronok
 16923 | Lair:3   | Gained mutation: A demonic guardian rushes to your aid.
                  | [demonic ancestry]
 16923 | Lair:3   | Reached XP level 13. HP: 46/96 MP: 21/21
 17220 | Lair:3   | Found a staircase to the Shoals.
 17418 | Lair:3   | Received a gift from Okawaru
 18146 | Lair:4   | Acquired the amulet "Oniasch" {Spirit rN+ Slay+4}
 18394 | Lair:4   | Reached skill level 13 in Unarmed Combat
 18394 | Lair:4   | Reached skill level 5 in Transmutations
 18660 | Lair:4   | Found a staircase to the Snake Pit.
 19531 | Lair:5   | Found a transporter.
 19543 | Lair:5   | Found a transporter.
 19543 | Lair:5   | Noticed karf's ghost (journeyman MiBe)
 19576 | Lair:5   | Killed karf's ghost
 19576 | Lair:5   | Reached ****** piety under Okawaru
 19576 | Lair:5   | Received a gift from Okawaru
 19832 | Lair:5   | Identified the +6 morningstar "Luwahuli" {drain, rF+ Int+2
                  | SInv}
 19948 | Lair:5   | Gained mutation: You have very sharp fingernails. [demonic
                  | ancestry]
 19948 | Lair:5   | Reached XP level 14. HP: 105/105 MP: 22/24
 19966 | Lair:5   | Learned a level 6 spell: Statue Form
 20476 | Lair:6   | Entered Level 6 of the Lair of Beasts
 20719 | Lair:6   | Reached skill level 14 in Unarmed Combat
 20737 | Lair:6   | Found a viscous altar of Jiyva.
 20737 | Lair:6   | Found a staircase to the Slime Pits.
 20982 | Lair:6   | Reached skill level 1 in Earth Magic
 20998 | Lair:6   | Received a gift from Okawaru
 21089 | Lair:6   | HP: 3/106 [spriggan rider/+0 spear (9)]
 21702 | Lair:6   | Identified the +0 chain mail of Roesef {-Tele +Fly rC+++
                  | Stlth-}
 22075 | Slime:1  | Entered Level 1 of the Pits of Slime
 22089 | Slime:1  | Noticed an acid blob
 22096 | Slime:1  | Killed an acid blob
 22261 | Slime:2  | Found a viscous altar of Jiyva.
 22261 | Slime:2  | Noticed an azure jelly
 22264 | Slime:2  | Killed an azure jelly
 22265 | Slime:2  | Gained mutation: You are robust. (+10% HP) [demonic
                  | ancestry]
 22265 | Slime:2  | Reached XP level 15. HP: 104/123 MP: 24/26
 22270 | Slime:2  | Gained mutation: You tend to lose your temper in combat. [a
                  | shining eye]
 22272 | Slime:2  | Gained mutation: Potions are less effective at restoring
                  | your health. [a shining eye]
 22455 | Slime:2  | Noticed an acid blob
 22464 | Slime:2  | Killed an acid blob
 22465 | Slime:2  | Reached skill level 15 in Unarmed Combat
 22718 | Slime:2  | Noticed an acid blob
 22719 | Slime:2  | Noticed an azure jelly
 22723 | Slime:2  | Noticed an acid blob
 22733 | Slime:2  | Killed an azure jelly
 22739 | Slime:2  | HP: 2/123 [acid blob/splash of acid (5)]
 22739 | Slime:2  | Splashed by an acid blob's acid

Illustrated notes

Levels and vault maps discovered:
D:1:      lemuel_arrival_muddy, layout_loops_ring
D:2:      layout_basic, eat_drink_and_be_merry_uskayaw, uniq_sigmund,
          uniq_crazy_yiuf_cottage
D:3:      layout_basic, minmay_checkerbox, uniq_jessica
D:4:      layout_rooms, serial_curves, eino_curves_01, eino_curves_02
D:5:      layout_loops_corners, minmay_misc_feat_encased, uniq_prince_ribbit1
D:6:      layout_loops_corners, minmay_temple_entry_mini_moons, serial_shops,
          shop, nemelex_xobeh_ov_fountains_minmay
D:7:      layout_basic, overflow_temple_1_default, old_standard_altar,
          uniq_maggie
D:8:      layout_rooms, lemuel_doored_altar, gammafunk_temple_overflow_statue,
          basic_altar, palyth_stone_intersect, dk_noncrumbling_3, the_bakery,
          uniq_joseph
D:9:      layout_stronghold, uniq_grum
D:10:     minmay_cornered_nines, layout_grid_maze, uniq_urug
D:11:     layout_stronghold, david_lair_shrubbed, erik_orc_4,
          ebering_ghost_disaster_area
Temple:   eino_temple_rhombus
Lair:1:   layout_cave_pods, basic_altar, grunt_megastairs_4
Lair:2:   layout_cave_pods, basic_altar, uniq_harold
Lair:3:   layout_cave_pods, minmay_shoals_entry_centaurs,
          lightli_volcano_entry_magma_tube, uniq_gastronok
Lair:4:   onia_ninara_swampy_vault, layout_loops_ring,
          minmay_snake_entry_guardpost_medium
Lair:5:   layout_long_grid, nzn_ghost_randoct, serial_bayou_pond_a,
          grunt_forest_stairs_clearing, lemuel_fruit_fields, lemuel_fruit_tree
Lair:6:   minmay_lair_end_enchanted_forest, layout_small_grid,
          dpeg_slime_entry_enclosed_altar, serial_bayou_pond_b,
          zaba_antful_of_joy
Slime:1:  cheibrodos_slime_lost_civilization_8, layout_caves
Slime:2:  layout_caves, basic_altar
Slime:3:  cheibrodos_slime_lost_civilization_2, layout_caves, uniq_dissolution

Skill      XL: |  1  2  3  4  5  6  7  8  9 10 11 12 13 14 15 |
---------------+----------------------------------------------+-----
Armour         | 3 4 5 6 7 8 |  8.7
Fighting       | 4 5 6 7 8 |  8.9
Dodging        | 1 2 3 4 5 6 7 8 |  8.7
Stealth        | 1 2 3 4 5 6 7 |  7.1
Unarmed Combat | 1 2 3 5 7 9 11 12 13 14 15 | 15.2
Spellcasting   | 1 2 3 4 5 6 7 |  7.5
Invocations    | 1 3 5 7 8 10 11 12 13 14 | 14.2
Throwing       | 1 |  1.4
Transmutations | 2 3 4 5 6 |  6.1
Earth Magic    | 2 |  2.7
Long Blades    | |  1.8
Shields        | |  2.8
Evocations     | |  0.9

Action                   |  1- 3 |  4- 6 |  7- 9 | 10-12 | 13-15 || total
-------------------------+-------+-------+-------+-------+-------++-------
Melee: Long sword        |    78 |     6 |       |       |       ||    84
       Headbutt          |     6 |    34 |   133 |   181 |   214 ||   568
       Unarmed           |       |   143 |   446 |   509 |   557 ||  1655
       Punch             |       |       |    17 |    45 |    68 ||   130
       Kick              |       |       |       |       |    42 ||    42
Throw: Boomerang         |       |       |    23 |       |       ||    23
       Dart              |       |       |     2 |     6 |       ||     8
       Javelin           |       |       |       |     1 |       ||     1
Invok: Heroism           |       |       |       |     6 |    12 ||    18
       Finesse           |       |       |       |     2 |     4 ||     6
Evoke: Lightning rod     |       |       |       |       |     4 ||     4
  Use: Scroll            |       |     7 |     7 |    13 |     3 ||    30
       Potion            |       |       |     4 |     3 |     9 ||    16
 Stab: Sleeping          |       |       |     8 |    13 |    13 ||    34
       Distracted        |       |       |     1 |     1 |     3 ||     5
Armor: Scale mail        |    44 |    89 |    37 |       |       ||   170
       Leather armour    |       |       |   139 |   159 |   195 ||   493
       Skin              |       |       |     1 |       |       ||     1
Dodge: Dodged            |    40 |    89 |   263 |   368 |   513 ||  1273
Block: Kite shield       |     3 |       |       |       |       ||     3
       Other             |       |       |    48 |    71 |   103 ||   222
       Rpst.: Long sword |    17 |     2 |       |       |       ||    19

Table legend: (Time is in decaauts)
 A = Elapsed time spent in this place.
 B = Non-inter-level travel time spent in this place.
 C = Inter-level travel time spent in this place.
 D = Time resting spent in this place.
 E = Time spent auto-exploring this place.
 F = Levels seen in this place.
 G = Mean time per level.
                   A        B        C        D        E       F      G
               +--------+--------+--------+--------+--------+-----+--------+
         Total |  22460 |  21359 |   1101 |   1272 |  14952 |  22 | 1020.9 |
       Dungeon |  13406 |  12648 |    758 |   1003 |   8656 |  11 | 1218.7 |
        Temple |    251 |    217 |     34 |      0 |    206 |   1 |  251.0 |
          Lair |   7948 |   7670 |    278 |      0 |   6003 |   6 | 1324.7 |
    Slime Pits |    631 |    600 |     31 |    269 |     86 |   3 |  210.3 |
       Volcano |    222 |    222 |      0 |      0 |      0 |   1 |  222.0 |
               +--------+--------+--------+--------+--------+-----+--------+

Top non-repeatable levels by time:
     D:5: 1612 daAuts
     D:9: 1594 daAuts
  Lair:6: 1508 daAuts
     D:2: 1476 daAuts
  Lair:3: 1473 daAuts
  Lair:4: 1440 daAuts
  Lair:1: 1400 daAuts
     D:3: 1399 daAuts
     D:6: 1363 daAuts
    D:11: 1241 daAuts
  Lair:2: 1152 daAuts
    D:10: 1120 daAuts
     D:4: 1112 daAuts
  Lair:5: 973 daAuts
     D:8: 965 daAuts
